 Dungeon Crawl Stone Soup version 0.30-a0-585-g93115170b9 (webtiles) character file.

Game seed: 6912885625505344138

2605 CoinPitGoblin the Jinx (level 9, -11/63 HPs)
             Began as a Vampire Fire Elementalist on Jan 2, 2023.
             Mangled by a skeletal warrior
             ... wielding a +0 hand axe
              (28 damage)
             ... on level 8 of the Dungeon.
             The game lasted 00:25:35 (9325 turns).

CoinPitGoblin the Jinx (Vampire Fire Elementalist)  Turns: 9325, Time: 00:25:35

Health: -11/63     AC:  4    Str:  7    XL:     9   Next: 33%
Magic:  7/21       EV: 13    Int: 22    God:
Gold:   296        SH:  0    Dex: 14    Spells: 14/24 levels left

rFire   + + .      SeeInvis +    a - +7 staff of the Meek {protect, meekguard}
rCold   . . .      Faith    .    (shield currently unavailable)
rNeg    . . .      Spirit   .    H - +0 robe
rPois   .          Reflect  .    (no helmet)
rElec   .          Harm     .    F - +1 cloak
rCorr   .          Rampage  .    (no gloves)
Will    .....                    (no boots)
Stlth   ++                       y - amulet of magic regeneration
HPRegen 0.50/turn                i - ring of protection from fire
MPRegen 0.57/turn                C - ring of protection from fire

@: confusing by touch, very slightly contaminated, healing quickly
A: alive, fangs 3, see invisible, vampiric 2
a: Exsanguinate


You were on level 8 of the Dungeon.
You visited 2 branches of the dungeon, and saw 9 of its levels.

You collected 439 gold pieces.
You spent 143 gold pieces at shops.

Inventory:

Hand Weapons
 a - the +7 staff of the Meek (weapon) {protect, meekguard}
   (You found it on level 6 of the Dungeon)

   It grants its wielder temporary protection when it strikes (+7 to AC).
   It provides extra protection to wielders with little health.
 b - a +2 lajatang of pain
Armour
 e - a +2 ring mail of cold resistance
 p - an orb of mayhem
 F - a +1 cloak (worn)
 H - a +0 robe (worn)
Magical Staves
 j - a staff of poison
Jewellery
 d - an amulet of guardian spirit
 i - a ring of protection from fire (left hand)
 y - an amulet of magic regeneration (around neck)
 C - a ring of protection from fire (right hand)
Wands
 r - a wand of flame (18)
 v - a wand of acid (3)
 E - a wand of mindburst (2)
 I - a wand of charming (8)
Scrolls
 g - a scroll of poison
 s - a scroll of enchant armour
 t - a scroll of fear
 u - 2 scrolls of teleportation
 G - a scroll of fog
Potions
 c - a potion of flight
 f - 2 potions of brilliance
 h - 5 potions of heal wounds
 k - 2 potions of lignification
 l - 3 potions of mutation
 n - 2 potions of might
 o - 3 potions of curing
 q - a potion of magic
 w - a potion of degeneration
 x - a potion of resistance {unknown}
 z - a potion of haste
 A - a potion of berserk rage {unknown}
 B - a potion of attraction {unknown}
 D - 2 potions of cancellation


   Skills:
 + Level 3.0 Fighting
 + Level 4.6 Dodging
 - Level 3.0 Stealth
 + Level 8.0 Spellcasting
 - Level 0.6 Conjurations
 * Level 9.5 Hexes
 * Level 4.2 Necromancy
 - Level 2.4 Fire Magic


You had 14 spell levels left.
You knew the following spells:

 Your Spells              Type           Power      Damage    Failure   Level
a - Inner Flame           Hex/Fire       35%        N/A       1%          3
q - Foxfire               Conj/Fire      60%        2x1d7     4%          1
s - Confusing Touch       Hex            50%        N/A       1%          3
w - Vampiric Draining     Necr           27%        2d7       3%          3

Your spell library contained the following spells:

 Spells                   Type           Power      Damage    Failure   Level
 Slow                     Hex            100%       N/A       1%          1
 Scorch                   Fire           38%        2d7       4%          2
 Kindle Blastsparks       Fire/Tloc/Air  24%        2d12      16%         3
 Flame Wave               Conj/Fire      15%        2d7       36%         4


Dungeon Overview and Level Annotations

Branches:
Dungeon (8/15)             Temple (1/1) D:6
   Lair: D:8-11

Altars:
Cheibriados
Gozag
Makhleb
Nemelex Xobeh
Okawaru
Qazlal
Sif Muna
Xom

Shops:
D:6 (:[:*

Annotations:
D:4 3 runed translucent doors, wpisznazwe's ghost, weakling OgGl
D:5 2 transporters, Citaku's ghost, weakling HuDe


Innate Abilities, Weirdness & Mutations

Your natural rate of healing is accelerated.
You have razor-sharp teeth.
You have supernaturally acute eyesight. (SInv)
You are afflicted with vampirism and can become a bat while bloodless.


Message History

Casting: Foxfire (safe; 4% risk of failure)
Confirm with . or Enter, or press ? or * to list all spells.
You miscast Foxfire.
You are very lightly contaminated with residual magic.
Nothing appears to happen.
The skeletal warrior hits you with a +0 hand axe!
* * * LOW HITPOINT WARNING * * *
Casting: Foxfire (safe; 4% risk of failure)
Confirm with . or Enter, or press ? or * to list all spells.
Okay, then.
Okay, then.
Unknown command.
Casting: Foxfire (safe; 4% risk of failure)
Confirm with . or Enter, or press ? or * to list all spells.
You conjure some foxfire!
The skeletal warrior misses you.
The skeletal warrior hits your foxfire with a +0 hand axe! x2
The foxfire hits the skeletal warrior but does no damage.
The skeletal warrior is severely damaged.
The foxfire hits the skeletal warrior but does no damage.
The skeletal warrior is severely damaged.
Casting: Foxfire (safe; 4% risk of failure)
Confirm with . or Enter, or press ? or * to list all spells.
You conjure some foxfire!
The skeletal warrior barely misses you.
The skeletal warrior hits your foxfire with a +0 hand axe!!
The skeletal warrior barely misses your foxfire.
The foxfire hits the skeletal warrior.
Flame seeps out of the skeletal warrior.
The skeletal warrior is almost destroyed.
The skeletal warrior is engulfed in blazing flames.
Flame seeps out of the skeletal warrior.
There is an open door here.
You can't see any enemies this would affect, really read the scroll of fear?
Okay, then.
Okay, then.
Okay, then.
Casting: Foxfire (safe; 4% risk of failure)
Confirm with . or Enter, or press ? or * to list all spells.
Your hands begin to glow red.
The skeletal warrior hits you with a +0 hand axe!!
You die...

+.......# #...#
# #.......####
#.).#
#.##+#.......#
#...#
...#.......#
#...#
#.#.......#
#..##
#.........#
##.##
###.○.....#
#).#####
#.z.....#
#)......
##@######
#<..###. #.#
###....... #.#
#...######
###.#######.###
#...........#
#.#.#########
#.#.# #.#.#
#...#


You could see a skeletal warrior (inner flame).

Vanquished Creatures
  A wyvern (D:8)
  Edmund (D:6)
  A water moccasin (D:6)
  Duvessa (D:7)
  2 ice beasts (D:7)
  2 orc warriors
  A black bear (D:7)
  3 ogres
  4 phantoms
  A kobold brigand (D:8)
  3 necrophages
  2 bullfrogs
  A scorpion (D:5)
  Dowan (D:7)
  2 hounds
  3 orc priests
  An iguana (D:7)
  Ijyb (D:3)
  5 orc wizards
  Natasha (thrice) (D:2)
  7 gnolls
  7 adders
  A shadow imp (D:7)
  A white imp (D:8)
  2 worms
  A dart slug (D:2)
  17 orcs
  5 endoplasms
  2 giant cockroaches
  14 goblins
  7 hobgoblins
  4 jackals (D:2)
  5 quokkas
  5 ball pythons
  3 bats
  3 frilled lizards
  6 kobolds
  6 rats
135 creatures vanquished.

Vanquished Creatures (collateral kills)
  An orc wizard (D:6)
  An orc (D:6)
2 creatures vanquished.

Vanquished Creatures (others)
  527 foxfires
527 creatures vanquished.

Grand Total: 664 creatures vanquished

Notes
Turn   | Place    | Note
-------+----------+-------------------------------------------
     0 | D:1      | CoinPitGoblin the Vampire Fire Elementalist began the quest
                  | for the Orb.
     0 | D:1      | Reached XP level 1. HP: 13/13 MP: 3/3
   156 | D:1      | Reached skill level 1 in Hexes
   783 | D:1      | Reached XP level 2. HP: 19/20 MP: 5/5
   868 | D:1      | HP: 1/20 [gnoll/+0 club (3)]
   871 | D:1      | Reached skill level 2 in Hexes
  1370 | D:2      | Noticed Natasha
  1381 | D:2      | Noticed a crimson imp
  1381 | D:2      | Killed Natasha
  1382 | D:2      | Gained mutation: You are afflicted with vampirism and can
                  | become a bat while bloodless. [Vampire growth]
  1382 | D:2      | Reached XP level 3. HP: 14/25 MP: 0/7
  1386 | D:2      | Learned a level 3 spell: Inner Flame
  1573 | D:2      | Noticed Natasha
  1588 | D:2      | Killed Natasha
  1589 | D:2      | Reached skill level 3 in Hexes
  1589 | D:2      | Reached XP level 4. HP: 8/31 MP: 4/8
  2385 | D:2      | Reached skill level 1 in Fighting
  2471 | D:2      | Noticed Natasha
  2481 | D:2      | Killed Natasha
  2811 | D:2      | Reached XP level 5. HP: 37/37 MP: 5/10
  3709 | D:3      | Noticed Ijyb
  3722 | D:3      | Killed Ijyb
  3723 | D:3      | Reached skill level 4 in Hexes
  4201 | D:4      | Noticed an ogre
  4261 | D:4      | Killed an ogre
  4262 | D:4      | Reached XP level 6. HP: 44/44 MP: 0/12
  4638 | D:4      | Noticed wpisznazwe's ghost (weakling OgGl)
  4646 | D:4      | Found a runed translucent gate.
  4646 | D:4      | Found a runed translucent gate.
  4646 | D:4      | Found a runed translucent gate.
  5134 | D:5      | Entered Level 5 of the Dungeon
  5401 | D:5      | Reached skill level 5 in Spellcasting
  5401 | D:5      | Reached skill level 5 in Hexes
  5631 | D:5      | Reached XP level 7. HP: 5/50 MP: 11/14
  5782 | D:5      | Found a transporter.
  5782 | D:5      | Noticed Citaku's ghost (weakling HuDe)
  5787 | D:5      | Found a transporter.
  6487 | D:5      | Learned a level 3 spell: Vampiric Draining
  6491 | D:5      | Learned a level 3 spell: Confusing Touch
  6496 | D:6      | Found Uluippa's Armour Shoppe.
  6511 | D:6      | Bought an orb of mayhem for 143 gold pieces
  6529 | D:6      | Found Deikhlaq's Antique Weapon Shop.
  6543 | D:6      | Reached skill level 6 in Hexes
  6545 | D:6      | Noticed Edmund
  6563 | D:6      | Killed Edmund
  6564 | D:6      | Reached skill level 1 in Necromancy
  6568 | D:6      | Identified a scroll of acquirement
  6568 | D:6      | Acquired a +1 lajatang of pain
  6580 | D:6      | Reached XP level 8. HP: 22/57 MP: 0/17
  6839 | D:6      | Found Iluolaef's Book Emporium.
  6886 | D:6      | Reached skill level 7 in Hexes
  7040 | D:6      | Found Imeminle's General Store.
  7178 | D:6      | Found Uppepipn's Book Emporium.
  7264 | D:6      | Found a staircase to the Ecumenical Temple.
  7618 | D:6      | Found the +7 staff of the Meek {protect, meekguard}
  7829 | Temple   | Entered the Ecumenical Temple
  7976 | D:7      | Reached skill level 8 in Hexes
  8162 | D:7      | Noticed Duvessa
  8164 | D:7      | Noticed Dowan
  8184 | D:7      | Killed Duvessa
  8184 | D:7      | Killed Dowan
  8227 | D:7      | Found a shimmering altar of Xom.
  8345 | D:7      | Reached skill level 9 in Hexes
  8834 | D:7      | Reached XP level 9. HP: 61/62 MP: 18/20
  9304 | D:8      | Noticed a skeletal warrior
  9325 | D:8      | Mangled by a skeletal warrior

Illustrated notes

Levels and vault maps discovered:
D:1:      tekkud_arrival_beachfront_property, layout_basic, minmay_heptomino_d4
D:2:      cheibrodos_greedy_goblins, layout_loops_corners, uniq_natasha
D:3:      layout_basic, nicolae_figureground_sparkle, uniq_ijyb
D:4:      layout_basic, gammafunk_ghost_split, serial_bayou_pond_e,
          st_stairs_12, palyth_stone_intersect, corexii_item_surrounded_by_moat
D:5:      layout_loops_ring, gammafunk_ghost_arena
D:6:      layout_basic, minmay_temple_entry_antechambers, serial_shops, shop,
          shop, shop, nicolae_shop_temple_entry_statues_fountains, shop,
          pf_guarded_unrand_meek, uniq_edmund
D:7:      layout_basic, mainiacjoe_overflow_surrounded_room, uniq_duvessa
D:8:      minmay_flawed_box, layout_basic, minitemple
Temple:   hellmonk_temple_two_chambers

Skill      XL: |  1  2  3  4  5  6  7  8  9 |
---------------+----------------------------+-----
Hexes          | 1 2 3 4 5 6 9 |  9.5
Spellcasting   | 3 4 5 6 7 8 |  8.0
Dodging        | 3 4 |  4.6
Fighting       | 1 2 3 |  3.0
Necromancy     | 1 3 4 |  4.2
Stealth        | |  3.0
Conjurations   | |  0.6
Fire Magic     | |  2.4

Action                   |  1- 3 |  4- 6 |  7- 9 || total
-------------------------+-------+-------+-------++-------
Melee: Unarmed           |    59 |       |       ||    59
       Bite              |     7 |     7 |     6 ||    20
       Punch             |     1 |       |       ||     1
       Staff             |     9 |     5 |       ||    14
       Dagger            |       |    65 |       ||    65
       Club              |       |    16 |    18 ||    34
       Quarterstaff      |       |       |    35 ||    35
 Cast: Foxfire           |    23 |   138 |   158 ||   319
       Inner Flame       |       |    12 |    33 ||    45
       Confusing Touch   |       |       |     4 ||     4
       Vampiric Draining |       |       |     4 ||     4
Evoke: Wand              |       |       |     4 ||     4
  Use: Scroll            |     1 |     2 |    20 ||    23
       Potion            |       |       |     1 ||     1
 Stab: Sleeping          |       |     1 |     1 ||     2
Armor: Ring mail         |    30 |     2 |       ||    32
       Robe              |       |     6 |    23 ||    29
Dodge: Dodged            |    47 |    73 |    79 ||   199

Table legend: (Time is in decaauts)
 A = Elapsed time spent in this place.
 B = Non-inter-level travel time spent in this place.
 C = Inter-level travel time spent in this place.
 D = Time resting spent in this place.
 E = Time spent auto-exploring this place.
 F = Levels seen in this place.
 G = Mean time per level.
                   A        B        C        D        E       F      G
               +--------+--------+--------+--------+--------+-----+--------+
         Total |   9328 |   8775 |    553 |    580 |   6693 |   9 | 1036.4 |
       Dungeon |   9300 |   8750 |    550 |    580 |   6680 |   8 | 1162.5 |
        Temple |     28 |     25 |      3 |      0 |     13 |   1 |   28.0 |
               +--------+--------+--------+--------+--------+-----+--------+

Top non-repeatable levels by time:
     D:2: 1618 daAuts
     D:6: 1399 daAuts
     D:1: 1369 daAuts
     D:4: 1287 daAuts
     D:7: 1248 daAuts
     D:5: 1199 daAuts
     D:3: 1028 daAuts
     D:8: 150 daAuts
  Temple: 28 daAuts
